 Dungeon Crawl Stone Soup version 0.31-a0-472-g43a2ca8e1b (webtiles) character file.

Game seed: 576823049924131202

127 Ethylacetat the Ruffian (level 5, 0/35 HPs)
             Began as an Octopode Shapeshifter on Aug 5, 2023.
             Slain by an orc priest
             ... wielding a +0 mace
              (4 damage)
             ... on level 3 of the Dungeon.
             The game lasted 00:02:49 (1921 turns).

Ethylacetat the Ruffian (Octopode Shapeshifter)     Turns: 1921, Time: 00:02:50

Health: 0/35       AC:  0    Str: 15    XL:     5   Next: 11%
Magic:  5/5        EV: 15    Int: 10    God:
Gold:   127        SH:  0    Dex: 14    Spells: 4/4 levels left

rFire   . .          .
                       - Unarmed
rCold   . . .        (shield currently unavailable)
rNeg    . . .        (helmet currently unavailable)
rPois   .            (no amulet)
rElec   .            (ring currently unavailable)
rCorr   .            (ring currently unavailable)
SInv    .            (ring currently unavailable)
Will    .....        (ring currently unavailable)
Stlth   +            (ring currently unavailable)
HPRegen 0.25/turn    (ring currently unavailable)
MPRegen 0.09/turn    (ring currently unavailable)
                     (ring currently unavailable)

%: no passive effects
@: pig-form, very quick
A: fast, no casting, almost no armour, (amphibious), (8 rings), small,
(camouflage 1), (gelatinous body 1), (nimble swimmer 1), (tentacles)
a: no special abilities


You were on level 3 of the Dungeon.
You were a filthy swine.
You visited 1 branch of the dungeon, and saw 3 of its levels.

You collected 127 gold pieces.

Inventory:

Talismans
 b - a beast talisman
Scrolls
 d - 3 scrolls of identify {unknown}
 f - a scroll of acquirement {unknown}
 g - a scroll of blinking {unknown}
 i - 2 scrolls of teleportation {unknown}
Potions
 a - 2 potions of lignification
 c - 2 potions of degeneration {unknown}
 e - a potion of might {unknown}
 h - a potion of magic {unknown}
 j - a potion of mutation {unknown}
 k - a potion of brilliance {unknown}


   Skills:
 + Level 2.4 Fighting
 + Level 3.0 Dodging
 + Level 3.7 Unarmed Combat
 + Level 3.5 Shapeshifting


You had 4 spell levels left.
You didn't know any spells.
Your spell library contained the following spells:

 Spells                   Type           Power      Damage    Failure   Level
 Necrotise                Necr           0%         1d4       36%         1
 Ensorcelled Hibernation  Hex/Ice        0%         N/A       50%         2
 Passwall                 Tmut/Erth      0%         N/A       50%         2
 Swiftness                Air            0%         N/A       75%         3
 Vampiric Draining        Necr           0%         2d6       75%         3
 Agony                    Necr           0%         N/A       100%        5


Dungeon Overview and Level Annotations

Branches:
Dungeon (3/15)

Altars:

Annotations:
D:3 Terence


Innate Abilities, Weirdness & Mutations

You are a filthy swine.
You move quickly.
Your equipment is almost entirely melded.
You are incapable of wielding weapons or throwing items.
You cannot cast spells.
You cannot wear most types of armour.
((You are amphibious.))
((You can wear up to eight rings at the same time.))
((Your skin changes colour to match your surroundings (Stealth+).))
((Your rubbery body absorbs attacks. (AC +1, EV +1)))
((You are camouflaged when in or above water. (Stealth+)))
((You have tentacles for arms and can constrict up to eight enemies at once.))


Message History

r - Retreat! s - Stop attacking. g - Guard the area. f - Follow me.
Anything else - Cancel.
You squeak for attention!
What are your orders? t - Squeak!
Orders for allies: a - Attack new target. r - Retreat! s - Stop attacking. g - Guard the area. f - Follow me.
Anything else - Cancel.
You squeak for attention!
An orc comes into view. It is wielding a +0 dagger.
An orc comes into view. It is wielding a +0 club.
The orc barely misses you.
The orc shouts!
You hit the orc.
The orc is moderately wounded.
The orc misses you.
An orc priest comes into view. It is wielding a +0 mace.
The orc hits you with a +0 dagger.
The orc priest shouts!
You hit the orc but do no damage.
The orc is moderately wounded.
The orc misses you.
You feel less batty.
You turn into a hulking beast.
Terence zaps a wand.
Your transformation has ended.
You turn into a filthy swine.
The orc hits you with a +0 dagger.
You barely miss the orc.
The orc is moderately wounded.
You barely miss the orc priest. The orc priest hits you with a +0 mace.
* * * LOW HITPOINT WARNING * * *
The orc hits you with a +0 dagger.
* * * LOW HITPOINT WARNING * * *
You hit the orc priest.
The orc priest is lightly wounded.
The orc priest hits you with a +0 mace.
You die...

#.# #.##..# #@# #.##..####### #>#
#.##...)))..# #†####
#.###.#####.#### .....#
#.##....o......## #.##.#
#.##.o#####.#...###.# #.# ..
..##o@.[............#
#.##############o####.###...###.#
............# #h# #.###...###
#.#########.# #.# #...^.....#.
#.# #.# #.####...........# #.#
#.# #.##...........#.# #.# #.#
#....).......### # #.# #.#
####<........# #.# #@#
###..†##### #.# #.# #...# #.# #.#
##.##


You could see Terence, an orc priest and 2 orcs.

Vanquished Creatures
  Natasha (D:2)
  4 gnolls (D:3)
  An adder (D:2)
  2 worms (D:2)
  An orc (D:3)
  6 ball pythons
  6 bats
  6 endoplasms
  2 giant cockroaches (D:1)
  2 goblins (D:1)
  7 hobgoblins
  2 kobolds
  A quokka (D:1)
  2 frilled lizards
  A rat (D:2)
44 creatures vanquished.

Notes
Turn   | Place    | Note
-------+----------+-------------------------------------------
     0 | D:1      | Ethylacetat the Octopode Shapeshifter began the quest for
                  | the Orb.
     0 | D:1      | Reached XP level 1. HP: 13/13 MP: 1/1
    34 | D:1      | You fall into a shaft and drop 1 floor!
   167 | D:1      | Reached XP level 2. HP: 13/18 MP: 2/2
   514 | D:1      | Reached XP level 3. HP: 23/23 MP: 3/3
  1181 | D:2      | Noticed Natasha
  1187 | D:2      | Killed Natasha
  1188 | D:2      | Reached XP level 4. HP: 29/29 MP: 4/4
  1648 | D:3      | Reached XP level 5. HP: 11/35 MP: 5/5
  1820 | D:3      | Noticed Terence
  1921 | D:3      | Slain by an orc priest

Illustrated notes

Levels and vault maps discovered:
D:1:      arrival_zaba_pyramid, layout_loops_ring
D:2:      layout_loops_ring, kennysheep_small_spiral, guppyfry_early_lair_pool,
          uniq_natasha
D:3:      layout_loops_ring, grunt_temple_overflow_open,
          ebering_dispersal_statue_hall, uniq_terence

Skill      XL: |  1  2  3  4 |
---------------+-------------+-----
Fighting       | 2 |  2.4
Dodging        | 3 |  3.0
Unarmed Combat | |  3.7
Shapeshifting  | |  3.5

Action                     |  1- 3 |  4- 6 || total
---------------------------+-------+-------++-------
  Melee: Unarmed           |    51 |    54 ||   105
         Tentacles         |    10 |    11 ||    21
         Constrict         |    13 |    12 ||    25
   Stab: Sleeping          |     4 |     2 ||     6
 Armour: Skin              |     6 |       ||     6
  Dodge: Dodged            |    27 |    26 ||    53

Table legend: (Time is in decaauts)
 A = Elapsed time spent in this place.
 B = Non-inter-level travel time spent in this place.
 C = Inter-level travel time spent in this place.
 D = Time resting spent in this place.
 E = Time spent auto-exploring this place.
 F = Levels seen in this place.
 G = Mean time per level.
                   A        B        C        D        E       F      G
               +--------+--------+--------+--------+--------+-----+--------+
         Total |   1891 |   1865 |     26 |      6 |   1540 |   3 |  630.3 |
       Dungeon |   1891 |   1865 |     26 |      6 |   1540 |   3 |  630.3 |
               +--------+--------+--------+--------+--------+-----+--------+

Top non-repeatable levels by time:
     D:2: 842 daAuts
     D:1: 766 daAuts
     D:3: 282 daAuts
